 Dungeon Crawl Stone Soup version 0.23-a0-494-g91793a9 (webtiles) character file.

11449 TheGoonsmith the Basher (level 11, -4/72 HPs)
             Began as a Gargoyle Fighter on Dec 3, 2018.
             Was a High Priest of Okawaru.
             Slain by a red ugly thing (23 damage)
             ... on level 10 of the Dungeon.
             The game lasted 00:22:49 (11778 turns).

TheGoonsmith the Basher (Gargoyle Fighter)         Turns: 11778, Time: 00:22:49

Health: -4/72      AC: 37    Str: 22    XL:     11   Next: 77%
Magic:  10/12      EV:  7    Int: 10    God:    Okawaru [*****.]
Gold:   511        SH:  0    Dex:  9    Spells: 10/10 levels left

rFire    . . .     SeeInvis .   a - +1 flail
rCold    . . .     Gourm    .   (no shield)
rNeg     + . .     Faith    .   p - +1 crystal plate armour
rPois    ∞         Spirit   .   K - +0 helmet
rElec    +         Reflect  .   j - +0 cloak
rCorr    .         Harm     .   (no gloves)
MR       .....                  q - +0 pair of boots
Stlth    ..........             (no amulet)
HPRegen  0.22/turn              (no ring)
MPRegen  0.13/turn              (no ring)

@: heroism
A: negative energy resistance 1, electricity resistance, unbreathing,
petrification resistance, rot immunity, AC +8
a: Heroism, Finesse, Renounce Religion


You were on level 10 of the Dungeon.
You worshipped Okawaru.
Okawaru was extremely pleased with you.
You were hungry.

You visited 2 branches of the dungeon, and saw 12 of its levels.
You also visited: Sewer.

You collected 646 gold pieces.
You spent 135 gold pieces at shops.

Inventory:

Hand Weapons
 a - a +1 flail (weapon)
 b - a +0 shortbow
Missiles
 y - 128 arrows
Armour
 c - a +0 shield
 j - a +0 cloak (worn)
 p - a +1 crystal plate armour (worn)
 q - a +0 pair of boots (worn)
 s - a +0 scale mail
 K - a +0 helmet (worn)
Jewellery
 d - a cursed ring of teleportation {unknown}
 A - an uncursed ring of poison resistance {unknown}
 D - an uncursed ring of wizardry {unknown}
 I - an uncursed ring of see invisible {unknown}
 J - an uncursed ring of positive energy {unknown}
 L - an uncursed ring of poison resistance {unknown}
Wands
 C - a wand of acid (10)
 F - a wand of paralysis (17)
 H - a wand of iceblast (18)
Scrolls
 g - 4 scrolls of blinking
 l - a scroll of noise
 n - 6 scrolls of amnesia
 o - 8 scrolls of remove curse
 v - 12 scrolls of identify
 w - a scroll of fog
 z - a scroll of fear
 E - 3 scrolls of enchant weapon
 G - a scroll of teleportation
Potions
 e - 3 potions of berserk rage
 h - 2 potions of cancellation {unknown}
 i - 2 potions of heal wounds
 k - 2 potions of degeneration {unknown}
 m - 7 potions of agility {unknown}
 r - 3 potions of mutation {unknown}
 t - a potion of haste {unknown}
 u - 4 potions of flight {unknown}
 x - 3 potions of curing {unknown}
 B - 2 potions of magic {unknown}
Comestibles
 f - 24 rations


   Skills:
 + Level 9.9(14.9) Fighting
 + Level 13.5(18.5) Maces & Flails
 + Level 9.7(14.7) Armour
 - Level 3.3(8.3) Shields
 - Level 2.5 Invocations


You had 10 spell levels left.
You didn't know any spells.
Your spell library contained the following spells:

 Spells                   Type           Power        Failure   Level  Hunger
 Animate Skeleton         Necr           N/A          100%        1    ##.....
 Corona                   Hex            #......      100%        1    ##.....
 Pain                     Necr           #...         100%        1    ##.....
 Ensorcelled Hibernation  Hex/Ice        #.....       100%        2    ###....
 Slow                     Hex            #.......     100%        2    ###....
 Confuse                  Hex            #.......     100%        3    ####...
 Dazzling Spray           Conj/Hex       #.....       100%        3    ####...
 Inner Flame              Hex/Fire       #.......     100%        3    ####...
 Portal Projectile        Hex/Tloc       #.....       100%        3    ####...
 Regeneration             Chrm/Necr      #.........   100%        3    ####...
 Tukima's Dance           Hex            #.......     100%        3    ####...
 Vampiric Draining        Necr           #.........   100%        3    ####...
 Animate Dead             Necr           N/A          100%        4    #####..
 Cause Fear               Hex            #.........   100%        4    #####..
 Leda's Liquefaction      Hex/Erth       #.........   100%        4    #####..


Dungeon Overview and Level Annotations

Branches:
Dungeon (11/15)            Temple (1/1) D:4            Lair (0/6) D:10
    Orc: D:9-12

Altars:
Ashenzari
Dithmenos
Elyvilon
Gozag
Hepliaklqana
Makhleb
Nemelex Xobeh
Okawaru
Qazlal
Ru
Sif Muna
Trog
Uskayaw
Vehumet
Wu Jian
Xom
Yredelemnul
Zin

Shops:
D:4 ?   D:11 ?

Annotations:
D:4 1 runed door, goofnerd's ghost, novice DsGl


Innate Abilities, Weirdness & Mutations

You are resistant to torment.
Your stone body is resilient. (AC +8)
You are immune to poison.
You resist negative energy. (rN+)
You are resistant to electric shocks. (rElec)
You can survive without breathing.
You are immune to petrification.
You are immune to rotting.


Message History

Your crystal plate armour prevents you from hitting the red ugly thing.
The red ugly thing is moderately wounded.
You sock the red ugly thing!
The red ugly thing is heavily wounded.
The red ugly thing tail-slaps you but does no damage.
Okay, then.
Your crystal plate armour prevents you from hitting the red ugly thing.
The red ugly thing is heavily wounded.
The red ugly thing tail-slaps you but does no damage.
Unknown command.
You gain the combat prowess of a mighty hero.
The red ugly thing tail-slaps you but does no damage.
You sock the red ugly thing!
The red ugly thing is severely wounded.
You completely miss the red ugly thing.
The red ugly thing is severely wounded.
The red ugly thing tail-slaps you.
* * * LOW HITPOINT WARNING * * *
You are engulfed in flames!!
You die...

...#....#......#....#.......#....
...'....#......#....#.......#....
...#....#......#....#.......#....
.########'######....#############
.#........#..........#...........
.#........#..........#...........
.#........#..........#...........
.#####....#....###############'##
.#........#....u@....#.....#.....
.#........#....#.....'.....#.....
.#...######....#.....#.....#.....
.#####....#.>..#####.############
.#...#....#....#............#....
.#...'....#....#............#....
##...#....#....#............'....
.#####....#....#............#....
.....#....'....#............#....


You could see a red ugly thing.

Vanquished Creatures
  A two-headed ogre (D:8)
  The ghost of learn4r the Carver, a novice MiBe of Trog (D:8)
  A cyclops (D:8)
  Grinder (D:6)
  A troll (D:10)
  3 hornets
  Prince Ribbit (D:5)
  2 hippogriffs
  2 spriggans (D:8)
  9 yaks (D:9)
  A hungry ghost (D:7)
  Eustachio (D:6)
  Menkaure (D:6)
  3 wargs (D:10)
  3 soldier ants
  A water moccasin (D:7)
  An orc warrior (D:8)
  Purgy (Sewer)
  5 sky beasts
  An ice beast (D:5)
  A black bear (D:8)
  A phantom (D:5)
  8 ogres
  A wolf (D:8)
  4 centaurs
  A crocodile (D:9)
  A big kobold (D:10)
  Blork the orc (D:5)
  8 bullfrogs
  2 gnoll sergeants
  3 killer bees (D:10)
  5 scorpions
  10 wights (D:8)
  A howler monkey (D:9)
  4 jellies
  3 quasits
  3 hounds
  3 bullfrog skeletons
  4 orc priests
  3 centaur skeletons
  9 orc wizards
  A gnoll shaman (D:9)
  7 iguanas
  2 worker ants
  A hound skeleton (D:5)
  2 howler monkey skeletons
  11 adders
  19 gnolls
  4 shadow imps
  6 oozes
  2 adder zombies
  An adder skeleton (D:8)
  2 worms
  2 dart slugs
  3 leopard geckos
  31 orcs
  7 bats
  16 giant cockroaches
  2 goblins (D:1)
  8 hobgoblins
  23 jackals
  12 quokkas
  A ball python (D:4)
  A ball python skeleton (D:5)
  4 frilled lizards
  A giant cockroach zombie (D:6)
  A jackal skeleton (D:4)
  11 kobolds
  A leopard gecko skeleton (D:6)
  A leopard gecko zombie (D:8)
  A quokka skeleton (D:6)
  4 rats
304 creatures vanquished.

Vanquished Creatures (others)
  A fungus (D:8)
  6 plants (D:8)
7 creatures vanquished.

Grand Total: 311 creatures vanquished

Notes
Turn   | Place    | Note
-------+----------+-------------------------------------------
     0 | D:1      | TheGoonsmith the Gargoyle Fighter began the quest for the
                  | Orb.
     0 | D:1      | Reached XP level 1. HP: 14/14 MP: 1/1
   138 | D:1      | Reached XP level 2. HP: 19/19 MP: 2/2
   831 | D:2      | Reached XP level 3. HP: 23/23 MP: 3/3
   879 | D:2      | Reached skill level 3 in Maces & Flails
  1078 | D:2      | Reached XP level 4. HP: 29/29 MP: 4/4
  1945 | D:3      | Reached XP level 5. HP: 13/33 MP: 5/5
  2938 | D:4      | Reached skill level 4 in Maces & Flails
  3250 | D:4      | Found a staircase to the Ecumenical Temple.
  3258 | Temple   | Entered the Ecumenical Temple
  3291 | Temple   | Became a worshipper of Warmaster Okawaru
  3482 | D:4      | Reached XP level 6. HP: 35/39 MP: 6/6
  3707 | D:4      | Found Hegooggehu's Magic Scroll Boutique.
  3711 | D:4      | Bought a scroll of identify for 20 gold pieces
  3711 | D:4      | Bought a scroll of identify for 20 gold pieces
  3711 | D:4      | Bought a scroll of identify for 20 gold pieces
  3711 | D:4      | Bought a scroll of blinking for 75 gold pieces
  3867 | D:4      | Reached skill level 5 in Maces & Flails
  3881 | D:4      | Found a runed door.
  3884 | D:4      | Noticed goofnerd's ghost (novice DsGl)
  3947 | D:5      | Entered Level 5 of the Dungeon
  3981 | D:5      | Found a glowing drain.
  4008 | Sewer    | Entered a sewer
  4018 | Sewer    | Noticed Purgy
  4039 | Sewer    | Killed Purgy
  4039 | Sewer    | Reached * piety under Okawaru
  4039 | Sewer    | Reached skill level 5 in Fighting
  4039 | Sewer    | Reached skill level 5 in Armour
  4039 | Sewer    | Reached XP level 7. HP: 40/44 MP: 7/7
  4211 | D:5      | Noticed Blork the orc
  4230 | D:5      | Killed Blork the orc
  4398 | D:5      | Reached skill level 6 in Maces & Flails
  4576 | D:5      | Reached XP level 8. HP: 47/51 MP: 8/8
  4702 | D:5      | Noticed Prince Ribbit
  5242 | D:5      | Killed Prince Ribbit
  5242 | D:5      | Reached skill level 7 in Maces & Flails
  5626 | D:6      | Reached skill level 8 in Maces & Flails
  5695 | D:6      | Reached ** piety under Okawaru
  5729 | D:6      | Noticed Grinder
  5763 | D:6      | Killed Grinder
  5763 | D:6      | Reached skill level 9 in Maces & Flails
  5763 | D:6      | Reached XP level 9. HP: 30/56 MP: 9/9
  5948 | D:6      | Noticed Eustachio
  5979 | D:6      | Killed Eustachio
  6028 | D:6      | Noticed Menkaure
  6041 | D:6      | Killed Menkaure
  6185 | D:6      | Reached skill level 10 in Maces & Flails
  6408 | D:7      | Reached skill level 1 in Invocations
  6712 | D:7      | Found a glowing silver altar of Zin.
  6741 | D:7      | You fall through a shaft for 3 floors!
  6741 | D:10     | Entered Level 10 of the Dungeon
  6741 | D:10     | Found a staircase to the Lair.
  6751 | D:10     | Reached skill level 11 in Maces & Flails
  6753 | D:10     | Reached *** piety under Okawaru
  6763 | D:10     | Reached XP level 10. HP: 38/61 MP: 9/11
  7056 | D:10     | Reached skill level 12 in Maces & Flails
  7893 | D:9      | Reached **** piety under Okawaru
  9045 | D:8      | Found a runed door.
  9051 | D:8      | Noticed learn4r's ghost (novice MiBe)
  9052 | D:8      | Identified the cursed +2 spear "Koorghiewn" {venom, +Blink
                  | MR+}
  9095 | D:8      | Reached ***** piety under Okawaru
  9279 | D:8      | Found a basalt altar of Yredelemnul.
  9287 | D:8      | Found a shadowy altar of Dithmenos.
  9298 | D:8      | Found a hazy altar of Hepliaklqana.
  9418 | D:8      | Noticed a two-headed ogre
  9453 | D:8      | Reached XP level 11. HP: 66/69 MP: 12/12
  9505 | D:8      | Noticed a cyclops
  9516 | D:8      | Killed a cyclops
  9586 | D:8      | Killed a two-headed ogre
  9586 | D:8      | Reached skill level 13 in Maces & Flails
  9735 | D:8      | Received a gift from Okawaru
  9944 | D:8      | Killed learn4r's ghost
 10541 | D:9      | Found an opulent altar of Gozag.
 10653 | D:9      | Found a sacrificial altar of Ru.
 11745 | D:11     | Found Becrozin's Magic Scroll Shoppe.
 11749 | D:11     | Noticed a red ugly thing
 11778 | D:10     | Slain by a red ugly thing

Vault maps used:
D:1:      lightli_iron_boxes
D:4:      minmay_temple_entry_waves, ebering_ghost_reflecting_pool,
          serial_shops, shop, minmay_fractal_squares_diagonal_5
D:5:      first_ration, gup_sewer_entry_pipe, grunt_ministairs_6, dk_vineyard_1,
          nrook_loot_triangle, uniq_prince_ribbit1, uniq_blork_the_orc
D:6:      uniq_grinder, uniq_menkaure, uniq_eustachio
D:7:      zin_academy
D:8:      kennysheep_windowed_halls, minitemple, ebering_ghost_funeral_grove,
          chequers_serial_rivers_micro_a
D:9:      nicolae_ru_path_of_blood, kennysheep_mini, hangedman_pestilent_swarm
D:10:     erik_lair_orcish_takeover
D:11:     ebering_ghost_xom, serial_shops, shop, billiards_dpeg
Temple:   nicolae_temple_elliptical
Sewer:    kennysheep_door_sewer

Skill      XL: |  1  2  3  4  5  6  7  8  9 10 11 |
---------------+----------------------------------+-----
Maces & Flails | 3 4 5 6 9 11 12 13 | 13.5
Fighting       | 4 5 6 8 9 |  9.9
Armour         | 4 5 6 8 9 |  9.7
Invocations    | 2 |  2.5
Shields        | |  3.3

Action                   |  1- 3 |  4- 6 |  7- 9 | 10-12 || total
-------------------------+-------+-------+-------+-------++-------
Melee: Flail             |   108 |   339 |   445 |   786 ||  1678
       Punch             |       |       |     1 |     1 ||     2
 Fire: Shortbow          |       |       |    45 |   151 ||   196
Invok: Heroism           |       |       |     6 |     5 ||    11
       Finesse           |       |       |       |     1 ||     1
  Use: Scroll            |       |    12 |       |     2 ||    14
       Potion            |       |       |     1 |     1 ||     2
  Eat: Chunk             |     1 |     3 |     6 |    14 ||    24
       Ration            |       |     2 |     1 |     3 ||     6
Armor: Scale mail        |    39 |       |       |       ||    39
       Crystal plate arm |    30 |   364 |   462 |   826 ||  1682
Dodge: Dodged            |    21 |    13 |    45 |   169 ||   248
Block: Shield            |    58 |   183 |   143 |       ||   384

Table legend:
 A = Non-vault XP
 B = Vault XP
 C = Vault XP percentage of total XP
 D = Non-vault monster count
 E = Vault monster count
 F = Vault count percentage of total count
                 A         B        C        D         E       F
            +---------+---------+-------+---------+---------+-------
      Total |   10287 |    6070 |  37.1 |     252 |      52 |  17.1
            +---------+---------+-------+---------+---------+-------
        D:1 |      33 |       0 |   0.0 |      17 |       0 |   0.0
        D:2 |      66 |       0 |   0.0 |      16 |       0 |   0.0
        D:3 |     100 |      13 |  11.5 |      19 |       1 |   5.0
        D:4 |     234 |      50 |  17.6 |      12 |       3 |  20.0
        D:5 |     657 |     376 |  36.4 |      30 |      10 |  25.0
        D:6 |     676 |     657 |  49.3 |      16 |       3 |  15.8
        D:7 |    1402 |       0 |   0.0 |      28 |       0 |   0.0
        D:8 |    1797 |    3389 |  65.3 |      39 |      19 |  32.8
        D:9 |    3678 |     884 |  19.4 |      48 |       4 |   7.7
       D:10 |    1644 |     535 |  24.6 |      27 |       6 |  18.2
      Sewer |       0 |     166 | 100.0 |       0 |       6 | 100.0
            +---------+---------+-------+---------+---------+-------
